 Dungeon Crawl Stone Soup version 0.30.0-10-gfe55d96785 (webtiles) character file.

Game seed: 456306802629016423

65 Byczy the Firebug (level 3, -6/19 HPs)
             Began as a Deep Elf Fire Elementalist on May 15, 2023.
             Was a Follower of Vehumet.
             Mangled by a gnoll
             ... wielding a +0 spear
              (7 damage)
             ... on level 2 of the Dungeon.
             The game lasted 00:06:03 (1785 turns).

Byczy the Firebug (Deep Elf Fire Elementalist)      Turns: 1785, Time: 00:06:04

Health: -6/19      AC:  2    Str:  5    XL:     3   Next: 92%
Magic:  0/10       EV: 13    Int: 21    God:    Vehumet [*.....]
Gold:   80         SH:  0    Dex: 15    Spells: 5/9 levels left

rFire   . . .        (no weapon)
rCold   . . .        (no shield)
rNeg    . . .        a - +0 robe
rPois   .            (no helmet)
rElec   .            (no cloak)
rCorr   .            (no gloves)
SInv    .            (no boots)
Will    .....        (no amulet)
Stlth   ++           (no ring)
HPRegen 0.23/turn    (no ring)
MPRegen 0.12/turn

%: no passive effects
@: no status effects
A: no striking features
a: Renounce Religion


You were on level 2 of the Dungeon.
You worshipped Vehumet.
Vehumet was aware of your devotion.
You visited 1 branch of the dungeon, and saw 3 of its levels.

You collected 80 gold pieces.

Inventory:

Armour
 a - a +0 robe (worn)
Jewellery
 i - a ring of resist corrosion
Scrolls
 c - 2 scrolls of fog {unknown}
 d - 4 scrolls of teleportation {unknown}
 e - a scroll of acquirement {unknown}
 f - 2 scrolls of fear {unknown}
 h - 3 scrolls of identify {unknown}
 j - a scroll of magic mapping {unknown}
Potions
 b - a potion of magic
 g - a potion of heal wounds {unknown}
 k - a potion of haste {unknown}
 l - 2 potions of mutation {unknown}


   Skills:
 + Level 2.9 Dodging
 + Level 3.2 Stealth
 + Level 3.6 Spellcasting
 + Level 1.4 Conjurations
 + Level 4.3 Fire Magic


You had 5 spell levels left.
You knew the following spells:

 Your Spells              Type           Power      Damage    Failure   Level
a - Foxfire               Conj/Fire      60%        2x1d7     3%          1
b - Scorch                Fire           44%        2d7       3%          2
c - Shock                 Conj/Air       24%        1d4       10%         1

Your spell library contained the following spells:

 Spells                   Type           Power      Damage    Failure   Level
 Inner Flame              Hex/Fire       12%        N/A       16%         3
 Volatile Blastmotes      Fire/Tloc      24%        2d12      16%         3
 Sublimation of Blood     Necr           3%         N/A       19%         2
 Wereblood                Tmut           3%         N/A       19%         2
 Flame Wave               Conj/Fire      15%        2d7       36%         4
 Summon Hydra             Summ           1%         N/A       100%        7


Dungeon Overview and Level Annotations

Branches:
Dungeon (3/15)

Altars:
Vehumet

Shops:
D:1 *


Message History

The gnoll misses you.
You climb downwards.
There is a stone staircase leading up here.
You start resting.
HP restored.
You start resting.
Magic restored.
You climb upwards.
The gnoll hits you with a +0 spear. x2
The gnoll barely misses you.
There is a stone staircase leading down here.
Casting: Shock (safe; 10% risk of failure)
Confirm with . or Enter, or press ? or * to list all spells.
Flames lash the gnoll.
The gnoll is moderately wounded.
The gnoll's fire resistance burns away.
The gnoll closely misses you.
The gnoll hits you from afar with a +0 spear.
Casting: Scorch (safe; 3% risk of failure)
Confirm with . or Enter, or press ? or * to list all spells.
Flames lash the gnoll.
The gnoll is heavily wounded.
The gnoll's fire resistance burns away.
The gnoll hits you with a +0 spear. The gnoll barely misses you.
Casting: Scorch (safe; 3% risk of failure)
Confirm with . or Enter, or press ? or * to list all spells.
Flames lash the gnoll.
The gnoll is moderately wounded.
The gnoll misses you.
Casting: Scorch (safe; 3% risk of failure)
Confirm with . or Enter, or press ? or * to list all spells.
Flames lash the gnoll.
The gnoll is burned terribly!
The gnoll is severely wounded.
The gnoll hits you with a +0 spear!
* * * LOW HITPOINT WARNING * * *
The gnoll barely misses you.
Casting: Scorch (safe; 3% risk of failure)
Confirm with . or Enter, or press ? or * to list all spells.
Flames lash the gnoll.
The gnoll is burned terribly!
The gnoll is severely wounded.
The gnoll hits you with a +0 spear!
You die...

###############
##..............
##..#############
#..## ##.###
#....# #..#.#
#g##.#############
#@.g..............
####.........#####
#########.# #.#
#.# #.# #.###
####...###
#........#


You could see 2 gnolls.

Vanquished Creatures
  2 gnolls (D:2)
  An adder (D:2)
  A worm (D:2)
  3 dart slugs
  3 ball pythons
  A bat (D:2)
  3 endoplasms
  A giant cockroach (D:2)
  A goblin (D:1)
  A hobgoblin (D:2)
  4 jackals
  2 kobolds
  A quokka (D:1)
  A rat (D:2)
25 creatures vanquished.

Vanquished Creatures (others)
  71 foxfires
71 creatures vanquished.

Grand Total: 96 creatures vanquished

Notes
Turn   | Place    | Note
-------+----------+-------------------------------------------
     0 | D:1      | Byczy the Deep Elf Fire Elementalist began the quest for
                  | the Orb.
     0 | D:1      | Reached XP level 1. HP: 10/10 MP: 6/6
   164 | D:1      | Found Areaj's General Store.
   501 | D:1      | Reached XP level 2. HP: 13/15 MP: 4/8
  1047 | D:2      | Found a faded altar of an unknown god.
  1052 | D:2      | Reached skill level 4 in Fire Magic
  1118 | D:2      | Reached XP level 3. HP: 11/19 MP: 4/9
  1198 | D:2      | Prayed at the altar of an unknown god.
  1198 | D:2      | Became a worshipper of Vehumet
  1198 | D:2      | Reached * piety under Vehumet
  1198 | D:2      | Offered knowledge of Shock by Vehumet.
  1203 | D:2      | Learned a level 2 spell: Scorch
  1205 | D:2      | Learned a level 1 spell: Shock
  1785 | D:2      | Mangled by a gnoll

Illustrated notes

Levels and vault maps discovered:
D:1:      enne_arrival_octagon_isle, layout_basic, serial_shops, shop
D:2:      layout_basic, ebering_ecumenical_altar_abandoned
D:3:      layout_loops_corners, lightli_temple_of_fire, elyvilon_altar_5,
          minmay_box_of_dots

Skill      XL: |  1  2 |
---------------+-------+-----
Fire Magic     | 4 |  4.3
Stealth        | 3 |  3.2
Dodging        | |  2.9
Spellcasting   | |  3.6
Conjurations   | |  1.4

Action                     || total
---------------------------++-------
   Cast: Foxfire           ||    43
         Shock             ||     8
         Scorch            ||     8
 Armour: Robe              ||     2
  Dodge: Dodged            ||    23
